 Dungeon Crawl Stone Soup version 0.26-a0-665-gefeb406119 (webtiles) character file.

Game seed: 16802768068370270642

3283 robertstho the Quickloader (level 10, -2/63 HPs)
             Began as a Kobold Hunter on Oct 15, 2020.
             Was an Elder of Okawaru.
             Slain by a slime creature (17 damage)
             ... on level 7 of the Dungeon.
             The game lasted 00:15:24 (9007 turns).

robertstho the Quickloader (Kobold Hunter)          Turns: 9007, Time: 00:15:24

Health: -2/63      AC: 10    Str: 12    XL:     10   Next: 20%
Magic:  12/13      EV: 19    Int: 13    God:    Okawaru [****..]
Gold:   246        SH:  0    Dex: 16    Spells: 9/9 levels left

rFire    + . .     SeeInvis .   r - +6 spear "Naghoeg" {venom, Stlth+}
rCold    x . .     Faith    .   (shield restricted)
rNeg     . . .     Spirit   .   t - +4 ring mail {MR+}
rPois    .         Reflect  .   (no helmet)
rElec    .         Harm     .   (no cloak)
rCorr    .         Rampage  .   (no gloves)
MR       +....                  (no boots)
Stlth    ++++++++..             (no amulet)
HPRegen  0.20/turn              n - ring of fire
MPRegen  0.13/turn              s - ring of stealth

@: heroism
A: small, nightstalker 3
a: Heroism, Renounce Religion


You were on level 7 of the Dungeon.
You worshipped Okawaru.
Okawaru was greatly pleased with you.
You visited 1 branch of the dungeon, and saw 8 of its levels.
You also visited: Sewer.

You collected 502 gold pieces.
You spent 256 gold pieces at shops.

Inventory:

Hand Weapons
 d - a +6 falchion of holy wrath
 r - the +6 spear "Naghoeg" (weapon) {venom, Stlth+}
   (You found it on level 4 of the Dungeon)

   It poisons the flesh of those it strikes.
   It makes you more stealthy.
 y - a +2 hand crossbow of flaming
Missiles
 u - 36 poisoned darts (quivered)
 w - 3 bolts
Armour
 t - a +4 ring mail of magic resistance (worn)
Jewellery
 n - a ring of fire (left hand)
 s - a ring of stealth (right hand)
Wands
 a - a wand of paralysis (7)
 z - a wand of iceblast (8)
Scrolls
 b - 4 scrolls of teleportation
 c - a scroll of fear {unknown}
 e - 2 scrolls of identify
 f - 2 scrolls of enchant armour {unknown}
 i - 2 scrolls of noise {unknown}
 l - 4 scrolls of remove curse {unknown}
 m - 3 scrolls of immolation {unknown}
 o - 3 scrolls of blinking {unknown}
 p - 4 scrolls of magic mapping {unknown}
 q - a scroll of random uselessness {unknown}
 x - 2 scrolls of amnesia {unknown}
Potions
 g - a potion of berserk rage {unknown}
 h - 2 potions of might {unknown}
 j - 2 potions of resistance {unknown}
 k - a potion of cancellation
 v - a potion of magic
 B - 2 potions of haste


   Skills:
 * Level 7.2(12.2) Fighting
 + Level 0.1(5.1) Long Blades
 + Level 2.1(7.1) Polearms
 + Level 9.2(14.2) Crossbows
 + Level 3.7(8.7) Throwing
 + Level 3.4(8.4) Armour
 + Level 4.1(9.1) Dodging
 * Level 8.1(13.1) Stealth
 * Level 4.9 Invocations
 + Level 0.5 Evocations


You had 9 spell levels left.
You didn't know any spells.
Your spell library was empty.

Dungeon Overview and Level Annotations

Branches:
Dungeon (8/15)             Temple (0/1) D:6           Sewer (visited)
   Lair: D:8-11

Altars:
Ashenzari
Dithmenos
Okawaru
Ru
Yredelemnul

Shops:
D:6 =(([}   D:7 =

Annotations:
D:6 499 ring good armour shop good weapon shop


Innate Abilities, Weirdness & Mutations

You are small and have problems with some larger weapons.
You are completely attuned to the shadows.


Message History

The slime creature misses you.
You barely miss the slime creature.
The slime creature is moderately wounded.
The slime creature hits you.
The slime creature completely misses you.
You puncture the slime creature!
The slime creature is poisoned.
The slime creature is lightly wounded.
The slime creature closely misses you.
You hit the slime creature.
The slime creature looks as sick as possible!
The slime creature is lightly wounded.
The slime creature hits you! The slime creature closely misses you.
You puncture the slime creature!
The slime creature looks as sick as possible!
The slime creature is heavily wounded.
The slime creature hits you but does no damage.
The slime creature hits you!
* * * LOW HITPOINT WARNING * * *
The slime creature hits you!
You die...

.....#.........#.# ######.###
.....#.........#.######### #..##
...............#..##.....## ##.##
..##.#..)......##.........## #...
.....#........####.........# ###.
####.##......## #.........# #. #
#...####..#####.......>.######
####(.>..##.##>J..........#.....
#.........#..#J@............###.
#..........#.#...#........#####.
#..........#.#..................
##....<###.#..............######
###.....# #...#............# #
#.......###................# #
#...###...##...........†...# #
....#........##...#.......## ##
............####.###.....#######.


You could see 2 slime creatures.

Vanquished Creatures
  A hydra (D:6)
  A slime creature (D:8)
  Sigmund (D:4)
  Eustachio (D:4)
  Edmund (D:4)
  A water moccasin (D:5)
  An orc warrior (D:6)
  A phantom (D:4)
  3 ogres (D:4)
  The ghost of TigOlBitties the Magician, an amateur DEAE (D:3)
  Blork the orc (D:4)
  4 bullfrogs
  2 scorpions (D:6)
  A hound (D:6)
  A quasit (D:7)
  An orc priest (D:4)
  3 bullfrog skeletons
  A jelly (D:6)
  8 orc wizards
  Ijyb (D:3)
  An iguana (D:4)
  5 worker ants
  2 hound skeletons (D:6)
  A howler monkey skeleton (D:4)
  4 gnolls (D:6)
  13 adders
  A shadow imp (D:6)
  2 white imps (D:5)
  An adder skeleton (D:6)
  5 worms
  4 dart slugs
  6 leopard geckos
  22 orcs
  5 giant cockroaches
  10 goblins
  6 hobgoblins
  7 jackals
  4 quokkas
  4 ball pythons (Sewer)
  12 bats
  5 frilled lizards
  A jackal skeleton (D:4)
  9 kobolds
  12 rats
177 creatures vanquished.

Vanquished Creatures (others)
  2 fungi (D:6)
  9 plants (Sewer)
11 creatures vanquished.

Grand Total: 188 creatures vanquished

Notes
Turn   | Place    | Note
-------+----------+-------------------------------------------
     0 | D:1      | robertstho the Kobold Hunter began the quest for the Orb.
     0 | D:1      | Reached XP level 1. HP: 12/12 MP: 1/1
    64 | D:1      | Reached skill level 5 in Crossbows
   123 | D:1      | Reached XP level 2. HP: 17/17 MP: 2/2
   398 | D:1      | Reached XP level 3. HP: 22/22 MP: 3/3
   932 | D:2      | Reached XP level 4. HP: 25/27 MP: 4/4
  1716 | D:3      | Found a glowing drain.
  1733 | D:3      | Noticed Ijyb
  1736 | D:3      | Reached XP level 5. HP: 32/32 MP: 5/5
  1749 | D:3      | Killed Ijyb
  1749 | D:3      | Reached skill level 6 in Crossbows
  1783 | Sewer    | Entered a sewer
  2724 | D:3      | Found a runed translucent door.
  2748 | D:3      | Found an iron altar of Okawaru.
  2756 | D:3      | Became a worshipper of Warmaster Okawaru
  2760 | D:3      | Found a shadowy altar of Dithmenos.
  2764 | D:3      | Found a basalt altar of Yredelemnul.
  2764 | D:3      | Found a sacrificial altar of Ru.
  2802 | D:3      | Reached XP level 6. HP: 38/38 MP: 6/6
  3258 | D:3      | Noticed TigOlBitties's ghost (amateur DEAE)
  3268 | D:3      | Killed TigOlBitties's ghost
  3377 | D:4      | Noticed Blork the orc
  3384 | D:4      | Killed Blork the orc
  3384 | D:4      | Reached skill level 1 in Invocations
  3513 | D:4      | Noticed Edmund
  3819 | D:4      | Got a pitted spear
  3819 | D:4      | Identified the +6 spear "Naghoeg" {venom, Stlth+} (You
                  | found it on level 4 of the Dungeon)
  3855 | D:4      | Reached skill level 1 in Armour
  3855 | D:4      | Reached XP level 7. HP: 43/43 MP: 7/7
  3872 | D:4      | Reached * piety under Okawaru
  3872 | D:4      | Reached skill level 7 in Crossbows
  4081 | D:4      | HP: 1/44 [orc/+0 trident (7)]
  4272 | D:4      | Reached skill level 5 in Stealth
  4290 | D:4      | Reached XP level 8. HP: 37/48 MP: 9/9
  4621 | D:4      | Noticed Sigmund
  4625 | D:4      | Killed Sigmund
  4625 | D:4      | Reached skill level 5 in Fighting
  4651 | D:4      | Reached skill level 1 in Polearms
  4818 | D:4      | Noticed Eustachio
  4846 | D:4      | Killed Eustachio
  4846 | D:4      | Reached ** piety under Okawaru
  5112 | D:4      | Reached skill level 8 in Crossbows
  5135 | D:4      | Killed Edmund
  5135 | D:4      | Reached skill level 1 in Throwing
  5135 | D:4      | Reached XP level 9. HP: 42/55 MP: 11/11
  5733 | D:5      | Entered Level 5 of the Dungeon
  6533 | D:6      | Noticed a five-headed hydra
  6553 | D:6      | Killed a five-headed hydra
  6553 | D:6      | Reached *** piety under Okawaru
  6553 | D:6      | Reached skill level 9 in Crossbows
  6801 | D:6      | Found Fyegum's Jewellery Shop.
  6851 | D:6      | Found Ytoygi's Antique Armour Emporium.
  6969 | D:6      | Found Zylueddopha's Gadget Shoppe.
  7286 | D:6      | Reached XP level 10. HP: 59/61 MP: 13/13
  7384 | D:6      | Found the +7 Singing Sword {vorpal, sonic wave}
  7531 | D:6      | Found Xiriphan's Weapon Shoppe.
  7535 | D:6      | Bought a +2 hand crossbow of flaming for 256 gold pieces
  7537 | D:6      | Found a staircase to the Ecumenical Temple.
  7692 | D:6      | HP: 2/61 [orc warrior/+0 hand axe (10)]
  8002 | D:6      | Found Gelu's Antique Weapon Emporium.
  8259 | D:7      | Found Maer's Jewellery Shop.
  8383 | D:7      | Found a broken altar of Ashenzari.
  8593 | D:7      | Found a broken altar of Ashenzari.
  8787 | D:8      | Reached **** piety under Okawaru
  9007 | D:7      | Slain by a slime creature

Illustrated notes

Levels and vault maps discovered:
D:1:      scummos_arrival_star, layout_loops_ring, minmay_3d_cube
D:2:      layout_loops_corners
D:3:      layout_rooms, minitemple, ebering_ghost_reflecting_pool,
          cheibrodos_sewer_entry_drain, chequers_avenue,
          minmay_tree_intersection, uniq_ijyb
D:4:      layout_layer_cave, nrook_campfire, uniq_eustachio, uniq_sigmund,
          uniq_blork_the_orc, uniq_edmund
D:5:      layout_rooms
D:6:      old_forge, layout_loops_ring, minmay_temple_entry_hall, serial_shops,
          shop, shop, shop_fountains, kennysheep_little_box,
          nicolae_shop_waterfront
D:7:      layout_rooms, nicolae_ashenzari_panopticon, serial_shops, shop,
          basic_altar
D:8:      layout_cave_pools, marbit_many_paths, kennysheep_small_circle

Skill      XL: |  1  2  3  4  5  6  7  8  9 10 |
---------------+-------------------------------+-----
Crossbows      | 5 6 7 8 9 |  9.2
Stealth        | 2 3 4 5 6 7 8 |  8.1
Fighting       | 3 4 5 6 7 |  7.2
Invocations    | 1 2 3 4 |  4.9
Armour         | 1 2 3 |  3.4
Dodging        | 3 4 |  4.1
Polearms       | 1 2 |  2.1
Throwing       | 1 3 |  3.7
Long Blades    | |  0.1
Evocations     | |  0.5

Action                   |  1- 3 |  4- 6 |  7- 9 | 10-12 || total
-------------------------+-------+-------+-------+-------++-------
Melee: Short sword       |       |     4 |       |       ||     4
       Spear             |       |     2 |    93 |    33 ||   128
       Falchion          |       |       |     3 |       ||     3
 Fire: Hand crossbow     |    57 |   157 |   125 |    44 ||   383
Throw: Dart              |       |       |    57 |     9 ||    66
Invok: Heroism           |       |       |     3 |     1 ||     4
Evoke: Wand              |       |       |     3 |     1 ||     4
  Use: Scroll            |       |     5 |     3 |       ||     8
       Potion            |       |     1 |     4 |     1 ||     6
 Stab: Sleeping          |       |     1 |     5 |     4 ||    10
Armor: Scale mail        |     1 |    14 |       |       ||    15
       Ring mail         |       |    15 |    57 |     8 ||    80
Dodge: Dodged            |     7 |    45 |   130 |    48 ||   230
       Rpst.: Falchion   |       |       |     1 |       ||     1

Table legend: (Time is in decaauts)
 A = Elapsed time spent in this place.
 B = Non-inter-level travel time spent in this place.
 C = Inter-level travel time spent in this place.
 D = Time resting spent in this place.
 E = Time spent auto-exploring this place.
 F = Levels seen in this place.
 G = Mean time per level.
                   A        B        C        D        E       F      G
               +--------+--------+--------+--------+--------+-----+--------+
         Total |   9224 |   8988 |    236 |   1126 |   6398 |   9 | 1024.9 |
       Dungeon |   8135 |   7899 |    236 |   1126 |   5517 |   8 | 1016.9 |
         Sewer |   1089 |   1089 |      0 |      0 |    880 |   1 | 1089.0 |
               +--------+--------+--------+--------+--------+-----+--------+

Top non-repeatable levels by time:
     D:4: 2094 daAuts
     D:6: 1768 daAuts
   Sewer: 1089 daAuts
     D:3: 1060 daAuts
     D:2: 960 daAuts
     D:1: 769 daAuts
     D:7: 762 daAuts
     D:5: 679 daAuts
     D:8: 40 daAuts
